 Dungeon Crawl Stone Soup version 0.30-a0-779-g7971cf19c3 (webtiles) character file.

Game seed: 12064327952167268385

367 Newt the Skirmisher (level 7, -2/44 HPs)
             Began as a Kobold Hunter on Feb 17, 2023.
             Slain by a gnoll sergeant
             ... wielding a +0 vampiric spear
              (7 damage)
             ... on level 4 of the Dungeon.
             The game lasted 00:03:52 (3302 turns).

Newt the Skirmisher (Kobold Hunter)                 Turns: 3302, Time: 00:03:53

Health: -2/44      AC:  5    Str:  8    XL:     7   Next: 1%
Magic:  7/7        EV: 15    Int: 10    God:
Gold:   122        SH:  0    Dex: 27    Spells: 6/6 levels left

rFire   . . .      SeeInvis .    a - +1 shortbow
rCold   . . .      Faith    .    (shield currently unavailable)
rNeg    . . .      Spirit   .    c - +0 leather armour
rPois   .          Reflect  .    (no helmet)
rElec   .          Harm     .    (no cloak)
rCorr   .          Rampage  .    i - +0 pair of gloves
Will    .....                    g - +0 pair of boots
Stlth   +++                      (no amulet)
HPRegen 0.27/turn                e - +6 ring of dexterity
MPRegen 0.10/turn                (no ring)

@: no status effects
A: small, no large weapons, nightstalker 3
a: no special abilities


You were on level 4 of the Dungeon.
You visited 1 branch of the dungeon, and saw 4 of its levels.

You collected 122 gold pieces.

Inventory:

Hand Weapons
 a - a +1 shortbow (weapon)
Armour
 c - a +0 leather armour (worn)
 g - a +0 pair of boots (worn)
 i - a +0 pair of gloves (worn)
 o - a +0 kite shield
Jewellery
 d - a ring of wizardry
 e - a +6 ring of dexterity (left hand)
 n - a +5 ring of evasion
Wands
 k - a wand of flame (29)
Scrolls
 b - a scroll of immolation
Potions
 f - a potion of lignification
 h - a potion of berserk rage
 j - a potion of resistance
 l - a potion of brilliance
 m - a potion of magic


   Skills:
 - Level 5.0 Fighting
 + Level 8.7 Ranged Weapons
 - Level 2.4 Dodging
 - Level 1.3 Stealth


You had 6 spell levels left.
You didn't know any spells.
Your spell library contained the following spells:

 Spells                   Type           Power      Damage    Failure   Level
 Inner Flame              Hex/Fire       0%         N/A       86%         3
 Cause Fear               Hex            0%         N/A       99%         4
 Discord                  Hex            0%         N/A       100%        8


Dungeon Overview and Level Annotations

Branches:
Dungeon (4/15)
 Temple: D:4-7

Altars:


Innate Abilities, Weirdness & Mutations

You are small and have problems with some larger weapons.
You are completely attuned to the shadows.


Message History

An orc comes into view. It is wielding a +0 flail.
You are too injured to fight recklessly!
Found a club.
Fire: a) +1 shortbow
Press: ? - help, Shift-Dir - straight line, f/p - gnoll sergeant
Aim: a gnoll sergeant, wielding a +0 vampiric spear and wearing a +0 ring mail (76% to hit)
You shoot an arrow.
The arrow closely misses the gnoll sergeant.
The gnoll sergeant hits you from afar with a +0 vampiric spear!
* * * LOW HITPOINT WARNING * * *
Fire: a) +1 shortbow
Press: ? - help, Shift-Dir - straight line, f/p - gnoll sergeant
Aim: a gnoll sergeant, wielding a +0 vampiric spear and wearing a +0 ring mail (76% to hit)
You shoot an arrow.
The arrow closely misses the gnoll sergeant.
The arrow hits the orc!
You kill the orc!
The gnoll sergeant hits you from afar with a +0 vampiric spear.
* * * LOW HITPOINT WARNING * * *
Fire: a) +1 shortbow
Press: ? - help, Shift-Dir - straight line, f/p - gnoll sergeant
Aim: a gnoll sergeant, wielding a +0 vampiric spear and wearing a +0 ring mail (76% to hit)
You shoot an arrow. The arrow hits the gnoll sergeant!
The gnoll sergeant is heavily wounded.
The gnoll sergeant hits you from afar with a +0 vampiric spear.
* * * LOW HITPOINT WARNING * * *
The gnoll sergeant draws strength from your wounds!
You feel better.
The gnoll sergeant hits you from afar with a +0 vampiric spear!
* * * LOW HITPOINT WARNING * * *
Okay, then.
Fire: a) +1 shortbow
Press: ? - help, Shift-Dir - straight line, f/p - gnoll sergeant
Aim: a gnoll sergeant, wielding a +0 vampiric spear and wearing a +0 ring mail (moderately wounded, 76% to hit)
You shoot an arrow.
The arrow hits the gnoll sergeant but does no damage.
The gnoll sergeant is moderately wounded.
The gnoll sergeant closely misses you.
The gnoll sergeant hits you from afar with a +0 vampiric spear!
You die...

............
..##...#....
..#...####.##
......##.....
..............
.#####....##..
##.......
..######....†.
.)..@.g)..)#.
..########.#
... ####


You could see a gnoll sergeant.

Vanquished Creatures
  A scorpion (D:3)
  An orc priest (D:2)
  An orc wizard (D:4)
  12 gnolls
  5 adders
  A worm (D:2)
  A dart slug (D:1)
  8 orcs
  7 endoplasms
  3 giant cockroaches
  7 goblins
  2 hobgoblins (D:1)
  6 jackals (D:1)
  7 kobolds
  4 quokkas
  9 ball pythons
  3 bats
  6 frilled lizards
  2 rats
86 creatures vanquished.

Notes
Turn   | Place    | Note
-------+----------+-------------------------------------------
     0 | D:1      | Newt the Kobold Hunter began the quest for the Orb.
     0 | D:1      | Reached XP level 1. HP: 12/12 MP: 1/1
    95 | D:1      | Reached XP level 2. HP: 18/18 MP: 2/2
   426 | D:1      | Reached XP level 3. HP: 24/24 MP: 3/3
   609 | D:1      | Found a faded altar of an unknown god.
  1072 | D:2      | Reached XP level 4. HP: 30/30 MP: 4/4
  1686 | D:2      | Reached skill level 5 in Fighting
  1765 | D:2      | Reached XP level 5. HP: 28/35 MP: 5/5
  2021 | D:2      | Reached skill level 6 in Ranged Weapons
  2327 | D:3      | Reached skill level 7 in Ranged Weapons
  2331 | D:3      | Reached XP level 6. HP: 12/40 MP: 6/6
  2342 | D:3      | HP: 2/40 [orc/+2 heavy mace (2)]
  3066 | D:3      | Reached skill level 8 in Ranged Weapons
  3291 | D:4      | Reached XP level 7. HP: 41/44 MP: 7/7
  3302 | D:4      | Slain by a gnoll sergeant

Illustrated notes

Levels and vault maps discovered:
D:1:      amcnicky_arrival_double_pillar, layout_rooms,
          shapermc_ecumenical_altar_venn, hangedman_glass_teeth
D:2:      layout_basic, fountainhead, minmay_tall_x
D:3:      layout_rooms
D:4:      layout_rooms, mainiacjoe_overflow_large_starburst, minmay_vboxes

Skill      XL: |  1  2  3  4  5  6 |
---------------+-------------------+-----
Fighting       | 3 4 5 |  5.0
Ranged Weapons | 7 8 |  8.7
Dodging        | |  2.4
Stealth        | |  1.3

Action                     |  1- 3 |  4- 6 |  7- 9 || total
---------------------------+-------+-------+-------++-------
   Fire: Shortbow          |    75 |   140 |     6 ||   221
  Throw: Throwing net      |       |     1 |       ||     1
    Use: Potion            |     1 |     3 |     1 ||     5
         Scroll            |     1 |     6 |       ||     7
 Armour: Leather armour    |    12 |    13 |       ||    25
  Dodge: Dodged            |    42 |    50 |     1 ||    93

Table legend: (Time is in decaauts)
 A = Elapsed time spent in this place.
 B = Non-inter-level travel time spent in this place.
 C = Inter-level travel time spent in this place.
 D = Time resting spent in this place.
 E = Time spent auto-exploring this place.
 F = Levels seen in this place.
 G = Mean time per level.
                   A        B        C        D        E       F      G
               +--------+--------+--------+--------+--------+-----+--------+
         Total |   3356 |   3202 |    154 |    693 |   2041 |   4 |  839.0 |
       Dungeon |   3356 |   3202 |    154 |    693 |   2041 |   4 |  839.0 |
               +--------+--------+--------+--------+--------+-----+--------+

Top non-repeatable levels by time:
     D:2: 1244 daAuts
     D:3: 1131 daAuts
     D:1: 871 daAuts
     D:4: 108 daAuts
